[Event "ICC tourney 2595 (40 10)"]
[Site "Internet Chess Club"]
[Date "2021.06.05"]
[Round "2"]
[White "PANIKKATH, ADITYA:K09-30103787"]
[Black "Goldblatt, Steven:SGOLD9367"]
[Result "0-1"]
[ICCResult "White checkmated"]
[WhiteElo "546"]
[BlackElo "1343"]
[Opening "French: exchange variation"]
[ECO "C01"]
[NIC "FR.01"]
[Time "13:47:24"]
[PlyCount "200"]
[TimeControl "2400+10"]

1. e4 e6 2. d4 d5 3. exd5 exd5 4. Nc3 Nf6 5. Nf3 Nc6 6. Bb5 Bd7 7. O-O Be7
8. Bf4 a6 9. Ba4 O-O 10. h3 Re8 11. Bb3 Be6 12. Re1 Na5 13. Qd3 h6 14. Ne2
Nxb3 15. axb3 Ne4 16. Ng3 Nxg3 17. Bxg3 Qc8 18. Kh2 Bf5 19. Qd2 Be4 20. c4
c6 21. Ne5 f6 22. f3 Bh7 23. Nd3 Qf5 24. Nf4 Bd6 25. c5 Bc7 26. Nh5 Bxg3+
27. Nxg3 Qc2 28. Ne4 Bxe4 29. Qxc2 Bxc2 30. b4 Bd3 31. Rad1 Bg6 32. Kg1 Kf7
33. Kf2 Bf5 34. g4 Be6 35. Kg3 Re7 36. f4 g6 37. Re2 Rae8 38. Rde1 Bd7 39.
Rxe7+ Rxe7 40. Rxe7+ Kxe7 41. Kf3 Ke6 42. Kg3 f5 43. g5 hxg5 44. fxg5 f4+
45. Kxf4 Be8 46. Kg4 Ke7 47. Kf4 Bf7 48. Ke5 Be6 49. h4 Bf7 50. Kf4 Ke6 51.
Kg4 Be8 52. Kf4 Bd7 53. Kg4 Kf7+ 54. Kf4 Ke7 55. Ke5 Bg4 56. Kf4 Bh5 57.
Ke5 Kd7 58. Kf6 Kc7 59. Ke6 b6 60. Kf6 bxc5 61. bxc5 a5 62. Ke6 a4 63. Kf6
Bg4 64. Kxg6 Kd7 65. Kf6 Ke8 66. g6 Kf8 67. Kg5 Bd7 68. h5 Kg7 69. h6+ Kg8
70. Kf6 Be8 71. h7+ Kh8 72. Kg5 Kg7 73. h8=Q+ Kxh8 74. Kf6 Kg8 75. g7 Bf7
76. Ke7 Kxg7 77. Kd7 Kf6 78. Kxc6 Ke6 79. Kb5 Be8+ 80. Kb6 Kd7 81. c6+ Kc8
82. Kc5 Kc7 83. Kxd5 Bxc6+ 84. Kc5 Bd7 85. d5 Be8 86. d6+ Kb7 87. Kd5 Bd7
88. Kc5 Ka6 89. Kb4 Kb6 90. b3 axb3 91. Kc3 Be6 92. d7 Kc7 93. Kb2 Kxd7 94.
Ka1 Kc6 95. Kb2 Kb5 96. Ka1 Kb4 97. Kb2 Ka4 98. Ka1 Ka3 99. Kb1 Bf5+ 100.
Ka1 b2# { White checkmated } 0-1

[Event "ICC tourney 2595 (40 10)"]
[Site "Internet Chess Club"]
[Date "2021.06.05"]
[Round "2"]
[White "Meredith, Robert J:RJblue"]
[Black "PANGARIBUAN, JEREMY:jeremyp"]
[Result "0-1"]
[ICCResult "White checkmated"]
[WhiteElo "769"]
[BlackElo "1213"]
[Opening "Ruy Lopez: Möller defense"]
[ECO "C78"]
[NIC "RL.12"]
[Time "14:06:10"]
[PlyCount "82"]
[TimeControl "2400+10"]

1. e4 e5 2. Nf3 Nc6 3. Bb5 a6 4. Ba4 Nf6 5. O-O Bc5 6. Re1 O-O 7. c3 d5 8.
exd5 Ng4 9. d4 Qxd5 10. dxc5 Qxc5 11. Be3 Nxe3 12. Rxe3 f6 13. Bb3+ Kh8 14.
Qd5 Qb6 15. Na3 Ne7 16. Qc4 c5 17. Ne1 Bf5 18. Nd3 Rac8 19. h3 Qc7 20. Qh4
Rcd8 21. Ne1 g5 22. Qg3 b5 23. Bc2 Be6 24. h4 g4 25. f3 Rg8 26. fxg4 Rxg4
27. Qf2 Nd5 28. Rg3 Rf4 29. Rf3 b4 30. Rxf4 Nxf4 31. Nb1 Qg7 32. Qxc5 Bh3
33. Qc6 a5 34. Kf2 Rg8 35. Bb3 Qg3+ 36. Kf1 Bxg2+ 37. Nxg2 Qd3+ 38. Kg1
Qe3+ 39. Kh2 Qh3+ 40. Kg1 Rxg2+ 41. Kf1 Qh1# { White checkmated } 0-1

[Event "ICC tourney 2595 (40 10)"]
[Site "Internet Chess Club"]
[Date "2021.06.05"]
[Round "3"]
[White "BHOSALE, ARNAV:avbhosale"]
[Black "Xiao, Michael:michaelxiao"]
[Result "0-1"]
[ICCResult "White checkmated"]
[WhiteElo "752"]
[BlackElo "1325"]
[Opening "French: exchange, Svenonius variation"]
[ECO "C01"]
[NIC "FR.01"]
[Time "15:34:33"]
[PlyCount "34"]
[TimeControl "2400+10"]

1. e4 e6 2. d4 d5 3. exd5 exd5 4. Nc3 Nf6 5. Bg5 Be7 6. Bxf6 Bxf6 7. Nf3
O-O 8. Be2 Nc6 9. Bb5 Re8+ 10. Ne2 Bg4 11. Bxc6 bxc6 12. h3 Bxf3 13. gxf3
Re6 14. Qd2 Qe7 15. c3 Re8 16. Rd1 Rxe2+ 17. Qxe2 Qxe2# { White checkmated
} 0-1

[Event "ICC tourney 2595 (40 10)"]
[Site "Internet Chess Club"]
[Date "2021.06.05"]
[Round "3"]
[White "KALAGA, ASHISH:amazingashishk"]
[Black "XUE, JACK:K03-17241051"]
[Result "1-0"]
[ICCResult "Black checkmated"]
[WhiteElo "1165"]
[BlackElo "825"]
[Opening "Blumenfeld counter-gambit"]
[ECO "A57"]
[NIC "BI.46"]
[Time "15:33:42"]
[PlyCount "79"]
[TimeControl "2400+10"]

1. d4 Nf6 2. c4 c5 3. d5 b5 4. Nf3 e6 5. d6 Qb6 6. Bf4 Nh5 7. Be5 f6 8. Bg3
Nxg3 9. hxg3 Bxd6 10. cxb5 Be7 11. Nc3 d5 12. e3 Bd7 13. Be2 c4 14. Nd4 e5
15. Nxd5 Qa5+ 16. b4 Bxb4+ 17. Nxb4 Qxb4+ 18. Kf1 exd4 19. Qxd4 Bxb5 20.
Qe4+ Qe7 21. Qxa8 O-O 22. Qd5+ Kh8 23. Qxb5 Qa3 24. Qh5 h6 25. Re1 Qxa2 26.
Qf5 Nc6 27. Qc5 Rc8 28. Bxc4 Qc2 29. Qd5 Ne5 30. Be2 Qc7 31. f4 Ng6 32. Qf5
Ne7 33. Qe4 Qd7 34. Bd3 f5 35. Qe5 Qxd3+ 36. Kg1 Qd2 37. Rxh6+ Kg8 38. Qe6+
Kf8 39. Rh8+ Ng8 40. Rxg8# { Black checkmated } 1-0

[Event "ICC tourney 2595 (40 10)"]
[Site "Internet Chess Club"]
[Date "2021.06.05"]
[Round "3"]
[White "PANGARIBUAN, JAEDEN F:jaedenp"]
[Black "KONDABATHINI, NAMISH:K05-16992657"]
[Result "1-0"]
[ICCResult "Black checkmated"]
[WhiteElo "682"]
[BlackElo "1053"]
[Opening "Scandinavian defense"]
[ECO "B01"]
[NIC "SD.03"]
[Time "15:33:42"]
[PlyCount "33"]
[TimeControl "2400+10"]

1. e4 d5 2. exd5 Nf6 3. d4 c6 4. dxc6 Nxc6 5. Nf3 e5 6. Bb5 e4 7. Ne5 Qxd4
8. Qxd4 Be7 9. Bxc6+ bxc6 10. Nxc6 Bd7 11. Nxe7 Kxe7 12. O-O Rad8 13. Qxa7
Rhe8 14. Qc5+ Ke6 15. Bf4 Bc8 16. Qe5+ Kd7 17. Qd6# { Black checkmated }
1-0

[Event "ICC tourney 2595 (40 10)"]
[Site "Internet Chess Club"]
[Date "2021.06.05"]
[Round "3"]
[White "JOSHI, AADIT KRISHNA:adeetiey"]
[Black "HECHT, HENRY:Henhec1001"]
[Result "1-0"]
[ICCResult "Black resigns"]
[WhiteElo "179"]
[BlackElo "1365"]
[Opening "Sicilian: closed"]
[ECO "B23"]
[NIC "SI.44"]
[Time "15:33:45"]
[PlyCount "69"]
[TimeControl "2400+10"]

1. e4 c5 2. Nc3 e6 3. e5 Nc6 4. Nf3 Qc7 5. Bc4 Nxe5 6. Nxe5 Qxe5+ 7. Qe2
Qxe2+ 8. Bxe2 Nf6 9. O-O d5 10. Na4 Bd7 11. Nc3 d4 12. Nd1 Bd6 13. g3 O-O
14. b3 e5 15. Nb2 b5 16. c4 a6 17. cxb5 axb5 18. Nd3 e4 19. Ne1 Bh3 20.
Bxb5 Bxf1 21. Bxf1 Be5 22. f4 Bc7 23. d3 e3 24. Nc2 Ba5 25. Ba3 Bc3 26. Rb1
Rfc8 27. Be2 Nd5 28. Bg4 Rc7 29. Kg2 Nb4 30. Nxb4 cxb4 31. Bb2 Rxa2 32. Kf3
Rxb2 33. Rf1 e2 34. Ra1 e1=Q 35. Ra8+ { Black resigns } 1-0

[Event "ICC tourney 2595 (40 10)"]
[Site "Internet Chess Club"]
[Date "2021.06.05"]
[Round "3"]
[White "PANGARIBUAN, JEREMY:jeremyp"]
[Black "ADUSUMALLI, ANIRUDH SAI:Anichess2009"]
[Result "1-0"]
[ICCResult "Black checkmated"]
[WhiteElo "1213"]
[BlackElo "895"]
[Opening "Petrov's defense"]
[ECO "C42"]
[NIC "RG.03"]
[Time "15:33:57"]
[PlyCount "59"]
[TimeControl "2400+10"]

1. e4 e5 2. Nf3 Nf6 3. Nxe5 Qe7 4. d4 d6 5. Nf3 Nxe4 6. Be2 Bg4 7. O-O Nc6
8. d5 Ne5 9. Nxe5 Bxe2 10. Qxe2 Qxe5 11. Re1 Qxd5 12. Qxe4+ Qxe4 13. Rxe4+
Kd7 14. Bf4 Be7 15. c4 Rae8 16. Nc3 Bf6 17. Rxe8 Rxe8 18. Bd2 c5 19. Nd5
Bd4 20. h4 Re2 21. Bc3 Bxf2+ 22. Kf1 Rc2 23. h5 Bd4 24. Bxd4 cxd4 25. b3 a6
26. Re1 Kc6 27. Re7 Rc1+ 28. Kf2 Rc2+ 29. Kg1 b5 30. Rc7# { Black
checkmated } 1-0

[Event "ICC tourney 2595 (40 10)"]
[Site "Internet Chess Club"]
[Date "2021.06.05"]
[Round "3"]
[White "KRISHNAN, ASHVATH:ashvathk5"]
[Black "ZENG, CALEB:calebzeng"]
[Result "0-1"]
[ICCResult "White resigns"]
[WhiteElo "1226"]
[BlackElo "946"]
[Opening "Ruy Lopez: Anderssen variation"]
[ECO "C77"]
[NIC "RL.12"]
[Time "15:33:56"]
[PlyCount "63"]
[TimeControl "2400+10"]

1. e4 e5 2. Nf3 Nc6 3. Bb5 a6 4. Ba4 Nf6 5. d3 d6 6. O-O Bd7 7. c3 g6 8.
Nbd2 Bg7 9. Re1 O-O 10. Nf1 Ne7 11. Bc2 Re8 12. Be3 Bg4 13. h3 Be6 14. Qc1
Nh5 15. Bh6 Qd7 16. Bxg7 Kxg7 17. Kh2 Nf4 18. Kg1 Bxh3 19. g3 Qg4 20. N1h2
Qh5 21. gxf4 Bg4 22. Qe3 Nc6 23. Nxg4 Qxg4+ 24. Kf1 exf4 25. Qe2 Qh3+ 26.
Kg1 Ne5 27. Nxe5 Rxe5 28. Bd1 Rg5+ 29. Qg4 Rxg4+ 30. Bxg4 Qxg4+ 31. Kf1 f3
32. Red1 { White resigns } 0-1

[Event "ICC tourney 2595 (40 10)"]
[Site "Internet Chess Club"]
[Date "2021.06.05"]
[Round "3"]
[White "Lin, James:MeLikeGame"]
[Black "GANAPATHY, AISHWARYA LAKSHMI:alg142"]
[Result "0-1"]
[ICCResult "White resigns"]
[WhiteElo "1348"]
[BlackElo "973"]
[Opening "Sicilian: Grand Prix attack"]
[ECO "B23"]
[NIC "SI.44"]
[Time "15:34:03"]
[PlyCount "82"]
[TimeControl "2400+10"]

1. e4 c5 2. Nc3 Nc6 3. f4 d6 4. Nf3 g6 5. Bc4 Bg7 6. O-O e6 7. d3 Nge7 8.
Qe1 O-O 9. f5 exf5 10. Qh4 fxe4 11. dxe4 Nd4 12. Bh6 Nxf3+ 13. Rxf3 Nc6 14.
Qxd8 Nxd8 15. Bxg7 Kxg7 16. Raf1 Be6 17. Nd5 Nc6 18. Bd3 Ne5 19. R3f2 c4
20. Be2 Rac8 21. Rd1 f5 22. exf5 Rxf5 23. Rxf5 Bxf5 24. Ne7 Rd8 25. Nxf5+
gxf5 26. Kf2 Ng4+ 27. Bxg4 fxg4 28. Kg3 h5 29. Kh4 Kh6 30. Rd5 Kg6 31. Rxh5
d5 32. Kxg4 d4 33. Rh3 d3 34. cxd3 cxd3 35. Kf4 d2 36. Rg3+ Kf6 37. Rh3
d1=Q 38. Rh6+ Ke7 39. Rh7+ Kd6 40. Rh6+ Kc7 41. g4 Qd2+ { White resigns }
0-1

[Event "ICC tourney 2595 (40 10)"]
[Site "Internet Chess Club"]
[Date "2021.06.05"]
[Round "3"]
[White "PARK, JOSHUA:K05-16451732"]
[Black "IGNATENKO, TIMOTHY:Timothy233"]
[Result "1-0"]
[ICCResult "Black resigns"]
[WhiteElo "376"]
[BlackElo "779"]
[Opening "Sicilian defense"]
[ECO "B20"]
[NIC "SI.48"]
[Time "15:33:45"]
[PlyCount "63"]
[TimeControl "2400+10"]

1. e4 c5 2. Bc4 Nc6 3. Qf3 Nf6 4. Qd1 g6 5. Nf3 d6 6. d4 Nxe4 7. dxc5 Nxc5
8. Bg5 Bg7 9. Nc3 O-O 10. O-O Bg4 11. Qe1 Rc8 12. Bd5 Bxc3 13. Qxc3 e6 14.
Bxc6 Qc7 15. Bb5 Ne4 16. Qd4 Bxf3 17. gxf3 Nxg5 18. Qf4 f6 19. Rad1 e5 20.
Qb4 Nxf3+ 21. Kg2 Nd4 22. c3 Nc2 23. Qb3+ Qf7 24. Qxc2 Qxa2 25. Qe2 a6 26.
Bd7 Rxc3 27. Rxd6 Rc5 28. Be6+ Qxe6 29. Rxe6 Rb5 30. Rc1 f5 31. Rc7 Rb3 32.
Qc4 { Black resigns } 1-0

[Event "ICC tourney 2595 (40 10)"]
[Site "Internet Chess Club"]
[Date "2021.06.05"]
[Round "3"]
[White "LIU, TYLER:Tiger2010"]
[Black "PANIKKATH, ADITYA:K09-30103787"]
[Result "0-1"]
[ICCResult "White resigns"]
[WhiteElo "735"]
[BlackElo "546"]
[Opening "Scandinavian defense"]
[ECO "B01"]
[NIC "SD.01"]
[Time "15:34:05"]
[PlyCount "98"]
[TimeControl "2400+10"]

1. e4 d5 2. exd5 Qxd5 3. Nc3 Qa5 4. Nf3 Nf6 5. d4 Bf5 6. Bd2 c6 7. Bc4 e6
8. Qe2 Nbd7 9. d5 cxd5 10. Nxd5 Qd8 11. Bg5 h6 12. Bh4 Qa5+ 13. c3 Nxd5 14.
Bxd5 Qxd5 15. Rd1 Qc6 16. Ne5 Nxe5 17. Qxe5 Qxg2 18. Rf1 Qe4+ 19. Qxe4 Bxe4
20. f3 Bh7 21. Rf2 Be7 22. Bxe7 Kxe7 23. Rfd2 Rad8 24. b4 Rxd2 25. Rxd2 Rd8
26. Re2 Rd3 27. c4 Rxf3 28. a4 Ra3 29. a5 b6 30. axb6 axb6 31. c5 bxc5 32.
bxc5 Rc3 33. Re5 f6 34. Rh5 Bg6 35. Kd2 Bxh5 36. Kxc3 Kd7 37. Kb4 Kc6 38.
h4 f5 39. Kc4 f4 40. Kd3 f3 41. Ke3 Kxc5 42. Kf2 e5 43. Kf1 e4 44. Kf2 Kd4
45. Kf1 Kd3 46. Ke1 e3 47. Kf1 e2+ 48. Ke1 Kc2 49. Kf2 Kd1 { White resigns
} 0-1

[Event "ICC tourney 2595 (40 10)"]
[Site "Internet Chess Club"]
[Date "2021.06.05"]
[Round "3"]
[White "SENTHILKUMAR, PRAJITH:K06-17013203"]
[Black "KNAPP, DANIEL:trawglodyte"]
[Result "0-1"]
[ICCResult "White checkmated"]
[WhiteElo "362"]
[BlackElo "1198"]
[Opening "Four knights: Scotch, 4...exd4"]
[ECO "C47"]
[NIC "KP.06"]
[Time "15:33:45"]
[PlyCount "62"]
[TimeControl "2400+10"]

1. e4 e5 2. Nf3 Nc6 3. Nc3 Nf6 4. d4 exd4 5. Nxd4 Nxd4 6. Qxd4 d6 7. Nd5
Nxd5 8. Qxd5 c6 9. Qh5 g6 10. Qf3 Bg7 11. Bc4 O-O 12. O-O Be6 13. Bxe6 fxe6
14. Qb3 d5 15. exd5 exd5 16. Qe3 Re8 17. Qf3 Qa5 18. Bf4 Bxb2 19. Rab1 Qxa2
20. Rbd1 Rf8 21. Qg4 Qa4 22. Qe6+ Rf7 23. Bh6 Bg7 24. Bxg7 Kxg7 25. Qe5+
Kg8 26. Rde1 Qxc2 27. Qg3 Raf8 28. Rd1 d4 29. Rxd4 Rxf2 30. Rxf2 Qc1+ 31.
Rf1 Rxf1# { White checkmated } 0-1

[Event "ICC tourney 2595 (40 10)"]
[Site "Internet Chess Club"]
[Date "2021.06.05"]
[Round "3"]
[White "GU, THOMAS:thomasguchess"]
[Black "KORLIMARLA, ANISH:Anishkor"]
[Result "0-1"]
[ICCResult "White checkmated"]
[WhiteElo "639"]
[BlackElo "1338"]
[Opening "Scotch gambit"]
[ECO "C44"]
[NIC "SO.06"]
[Time "15:34:03"]
[PlyCount "64"]
[TimeControl "2400+10"]

1. e4 e5 2. Nf3 Nc6 3. d4 exd4 4. Bc4 d6 5. Nxd4 Qf6 6. Nxc6 bxc6 7. Qh5 g6
8. Qa5 d5 9. exd5 cxd5 10. Bxd5 Qe5+ 11. Be3 Bb4+ 12. Qxb4 Qxd5 13. O-O Bb7
14. f3 O-O-O 15. Nc3 Qh5 16. Bd4 f6 17. Nb5 a6 18. Na7+ Kd7 19. Qa4+ c6 20.
Rfe1 Kc7 21. Qa5+ Qxa5 22. Bc3 Qb6+ 23. Kh1 Qxa7 24. Ba5+ Kc8 25. Bxd8 Kxd8
26. Rad1+ Kc7 27. Re6 Qc5 28. Rdd6 Qxd6 29. Rxd6 Kxd6 30. c3 Nh6 31. b4 Re8
32. c4 Re1# { White checkmated } 0-1

[Event "ICC tourney 2595 (40 10)"]
[Site "Internet Chess Club"]
[Date "2021.06.05"]
[Round "3"]
[White "SURIYAPRAKASH, SHRUTI:shrutisuriya"]
[Black "Coffey, Damon L:clammer"]
[Result "1-0"]
[ICCResult "Black resigns"]
[WhiteElo "1049"]
[BlackElo "1372"]
[Opening "Sicilian: Alapin's variation (2.c3)"]
[ECO "B22"]
[NIC "SI.46"]
[Time "15:33:50"]
[PlyCount "28"]
[TimeControl "2400+10"]

1. e4 c5 2. c3 Nc6 3. d4 e6 4. Nf3 a6 5. Be3 cxd4 6. cxd4 Bb4+ 7. Nc3 Nf6
8. Bd3 Qa5 9. Bd2 Qh5 10. O-O Ba5 11. h3 d5 12. e5 Nd7 13. Be2 f5 14. Ng5
Bxc3 { Black resigns } 1-0

[Event "ICC tourney 2595 (40 10)"]
[Site "Internet Chess Club"]
[Date "2021.06.05"]
[Round "3"]
[White "VADHER, DEVAJ MAYANK:DevajVadher"]
[Black "Maradana, Harsha:K05-30024511"]
[Result "1-0"]
[ICCResult "Black checkmated"]
[WhiteElo "997"]
[BlackElo "361"]
[Opening "Giuoco Pianissimo: Italian four knights variation"]
[ECO "C50"]
[NIC "IG.02"]
[Time "15:33:51"]
[PlyCount "49"]
[TimeControl "2400+10"]

1. e4 e5 2. Nf3 Nc6 3. Bc4 Bc5 4. d3 Nf6 5. Nc3 h6 6. Be3 Bxe3 7. fxe3 d6
8. h3 O-O 9. Qd2 Na5 10. Bb3 Nxb3 11. axb3 a6 12. O-O Nh5 13. Qf2 Qf6 14.
Nd5 Qg6 15. Ne7+ Kh7 16. Nxg6 fxg6 17. Qe1 g5 18. Nxg5+ hxg5 19. Rxf8 g6
20. g4 Ng7 21. h4 gxh4 22. Qxh4+ Nh5 23. gxh5 Kg7 24. Qf6+ Kh6 25. Qxg6# {
Black checkmated } 1-0

[Event "ICC tourney 2595 (40 10)"]
[Site "Internet Chess Club"]
[Date "2021.06.05"]
[Round "3"]
[White "Zhang, Jerry:jerryjhzhang"]
[Black "SIAMWALLA, ALVIN:cappyal"]
[Result "0-1"]
[ICCResult "White resigns"]
[WhiteElo "717"]
[BlackElo "896"]
[Opening "Ruy Lopez: Vinogradov variation"]
[ECO "C60"]
[NIC "RL.01"]
[Time "15:33:46"]
[PlyCount "72"]
[TimeControl "2400+10"]

1. e4 e5 2. Nf3 Nc6 3. Bb5 Qe7 4. O-O Nf6 5. Bxc6 dxc6 6. Re1 Bg4 7. h3 Bh5
8. d3 h6 9. Nc3 Qd7 10. Qd2 Bxf3 11. gxf3 Qxh3 12. d4 O-O-O 13. Qe3 exd4
14. Qd2 dxc3 15. Qxc3 Re8 16. Qd4 Qxf3 17. Rd1 Qg4+ 18. Kf1 Bd6 19. Qxa7
Qxd1+ 20. Kg2 Qg4+ 21. Kf1 Nd7 22. Qa8+ Nb8 23. Ke1 Qxe4+ 24. Be3 Qh1+ 25.
Kd2 Qxa1 26. Kc3 Qe1+ 27. Bd2 Qe5+ 28. Kb3 Qd5+ 29. Kc3 Be5+ 30. Kb4 c5+
31. Kb5 Qxd2 32. c3 Qxb2+ 33. Kxc5 Qxc3+ 34. Kb5 Qc6+ 35. Kb4 Re6 36. Qa5
Bc3+ { White resigns } 0-1

[Event "ICC tourney 2595 (40 10)"]
[Site "Internet Chess Club"]
[Date "2021.06.05"]
[Round "3"]
[White "DEBMISRA, ARIV:arivdeb"]
[Black "Kalaga, Aneesh:aneeshk"]
[Result "1-0"]
[ICCResult "Black resigns"]
[WhiteElo "761"]
[BlackElo "1090"]
[Opening "QGD semi-Slav: 6.Bd3"]
[ECO "D46"]
[NIC "SL.03"]
[Time "15:33:48"]
[PlyCount "81"]
[TimeControl "2400+10"]

1. d4 d5 2. c4 c6 3. Nc3 Nf6 4. Nf3 Nbd7 5. e3 e6 6. Bd3 c5 7. O-O cxd4 8.
exd4 Nb6 9. cxd5 Nbxd5 10. Re1 Bb4 11. Qc2 Qc7 12. Nxd5 Qxc2 13. Nxf6+ gxf6
14. Bxc2 Bxe1 15. Nxe1 Ke7 16. Nf3 b6 17. Be4 Rb8 18. Bf4 e5 19. dxe5 Bb7
20. exf6+ Kxf6 21. Bxb7 Rxb7 22. Be5+ Kg6 23. Bxh8 f6 24. h4 Rb8 25. h5+
Kf7 26. Bxf6 Kxf6 27. g4 h6 28. Rc1 a5 29. Rc6+ Kg7 30. Rg6+ Kh7 31. Nd4
Rb7 32. Nf5 Kh8 33. Rxh6+ Rh7 34. Rxh7+ Kxh7 35. g5 b5 36. g6+ Kh8 37. h6
b4 38. Kg2 b3 39. axb3 Kg8 40. Ne7+ Kh8 41. g7+ { Black resigns } 1-0

[Event "ICC tourney 2595 (40 10)"]
[Site "Internet Chess Club"]
[Date "2021.06.05"]
[Round "3"]
[White "GUERRERIO, CHRISTOPHER:K09-16206065"]
[Black "HOSUR, SANMITA:phosur"]
[Result "0-1"]
[ICCResult "White checkmated"]
[WhiteElo "530"]
[BlackElo "1248"]
[Opening "QGD: Orthodox defense, Botvinnik variation"]
[ECO "D60"]
[NIC "QO.12"]
[Time "15:33:42"]
[PlyCount "54"]
[TimeControl "2400+10"]

1. d4 d5 2. c4 e6 3. Nc3 Nf6 4. Bg5 Be7 5. Nf3 O-O 6. e3 Nbd7 7. Bd3 dxc4
8. Bxc4 a6 9. a4 c5 10. O-O b6 11. Rb1 Bb7 12. b4 cxb4 13. Na2 Rc8 14. Qd3
Bxf3 15. gxf3 a5 16. Bb3 h6 17. Bh4 e5 18. Bc2 exd4 19. e4 Qc7 20. Bxf6
Nxf6 21. Rbc1 Qf4 22. Rfe1 Bd6 23. Qxd4 Qxh2+ 24. Kf1 Bc5 25. Qd2 Nh5 26.
Bd3 Nf4 27. Rc2 Qg2# { White checkmated } 0-1

[Event "ICC tourney 2595 (40 10)"]
[Site "Internet Chess Club"]
[Date "2021.06.05"]
[Round "3"]
[White "SARAVIA, KYLE AUSTIN:Kyle45"]
[Black "ROUTRAY, NIRMALYA:NIRMALYA01"]
[Result "0-1"]
[ICCResult "White resigns"]
[WhiteElo "1122"]
[BlackElo "797"]
[Opening "Sicilian defense"]
[ECO "B30"]
[NIC "SI.31"]
[Time "15:33:43"]
[PlyCount "144"]
[TimeControl "2400+10"]

1. e4 c5 2. Nf3 Nc6 3. Nc3 e5 4. Bb5 d6 5. h3 Nf6 6. d3 a6 7. Bxc6+ bxc6 8.
Bg5 Be7 9. O-O h6 10. Bxf6 Bxf6 11. Ne2 d5 12. exd5 cxd5 13. c3 Bb7 14. d4
cxd4 15. cxd4 e4 16. Ne5 Bxe5 17. dxe5 O-O 18. f4 Qb6+ 19. Qd4 Qxd4+ 20.
Nxd4 Rac8 21. f5 Rc4 22. Rfd1 Re8 23. e6 fxe6 24. fxe6 Bc8 25. Nf5 Rxe6 26.
Rxd5 Kh7 27. Rad1 Rf6 28. Nd6 Rc2 29. Nxe4 Rg6 30. R1d2 Rxd2 31. Rxd2 Bxh3
32. Kh2 Bf5 33. Nd6 Be6 34. b3 Rg5 35. Re2 Bd5 36. Ne4 Re5 37. Ng3 Rxe2 38.
Nxe2 g5 39. Nc3 Bc6 40. Kg3 Kg6 41. Ne2 Kf6 42. Nd4 Bb7 43. Kf2 Ke5 44. Ne2
h5 45. g3 h4 46. gxh4 gxh4 47. Ng1 Kd4 48. Ke2 Kc3 49. Ke3 Kb2 50. Kd4 Kxa2
51. b4 Kb3 52. Kc5 Ka4 53. Nh3 Bg2 54. Nf4 h3 55. Nxh3 Bxh3 56. Kb6 Bf1 57.
Kc5 Bb5 58. Kb6 Kxb4 59. Ka7 a5 60. Kb6 a4 61. Kc7 a3 62. Kd6 a2 63. Kd5
a1=Q 64. Ke4 Qd1 65. Ke3 Qe2+ 66. Kf4 Bd7 67. Kg5 Qf3 68. Kg6 Qf4 69. Kg7
Qf5 70. Kg8 Qf6 71. Kh7 Bf5+ 72. Kg8 Qe7 { White resigns } 0-1

[Event "ICC tourney 2595 (40 10)"]
[Site "Internet Chess Club"]
[Date "2021.06.05"]
[Round "3"]
[White "CHANDRA, MAURYA:maurya18"]
[Black "GUAN, MARIE:marieplaychess"]
[Result "1-0"]
[ICCResult "Black checkmated"]
[WhiteElo "1269"]
[BlackElo "951"]
[Opening "French: Tarrasch"]
[ECO "C03"]
[NIC "FR.14"]
[Time "15:33:45"]
[PlyCount "89"]
[TimeControl "2400+10"]

1. e4 e6 2. d4 d5 3. Nd2 Bb4 4. c3 Bd6 5. Ngf3 c5 6. e5 Be7 7. Bd3 Qb6 8.
O-O Nc6 9. dxc5 Bxc5 10. Nb3 Be7 11. Be3 Qc7 12. Bb5 Bd7 13. Bxc6 Bxc6 14.
Nbd4 Bc5 15. b4 Bxd4 16. Bxd4 Ne7 17. Qb3 a5 18. b5 Bd7 19. a4 Nf5 20. Rac1
f6 21. exf6 O-O 22. fxg7 Rfc8 23. Rfe1 b6 24. h3 Rab8 25. Be5 Nd6 26. Nd4
Re8 27. Qa3 Nc4 28. Bxc7 Nxa3 29. Bxb8 Rxb8 30. Nxe6 Re8 31. Nd4 Rxe1+ 32.
Rxe1 Nc4 33. Re7 Nb2 34. Rxd7 Nxa4 35. Ne6 Nxc3 36. Rd8+ Kf7 37. g8=Q+ Ke7
38. Qe8+ Kf6 39. Qf8+ Ke5 40. Qf4+ Kxe6 41. Rd6+ Ke7 42. Qe5+ Kf7 43. Rf6+
Kg7 44. Qe7+ Kg8 45. Qf8# { Black checkmated } 1-0

[Event "ICC tourney 2595 (40 10)"]
[Site "Internet Chess Club"]
[Date "2021.06.05"]
[Round "3"]
[White "DHURJATI, ANAGHA:amdink"]
[Black "DIAO, SUJIA:DiamondUnicorn"]
[Result "0-1"]
[ICCResult "White resigns"]
[WhiteElo "1337"]
[BlackElo "496"]
[Opening "Sicilian: dragon, classical, Richter variation"]
[ECO "B73"]
[NIC "SI.25"]
[Time "15:34:33"]
[PlyCount "109"]
[TimeControl "2400+10"]

1. e4 c5 2. Nf3 Nc6 3. d4 cxd4 4. Nxd4 Nf6 5. Nc3 d6 6. Be2 g6 7. O-O Bg7
8. Be3 O-O 9. Qd2 Bd7 10. Rad1 a6 11. Bh6 Nxd4 12. Bxg7 Nxe2+ 13. Nxe2 Kxg7
14. Ng3 Qc7 15. h4 Rac8 16. c3 Bc6 17. Rfe1 Rcd8 18. h5 Qd7 19. h6+ Kh8 20.
Qg5 Qg4 21. Qe3 Qh4 22. e5 dxe5 23. Rxd8 Rxd8 24. Qxe5 Re8 25. Qc5 Qxh6 26.
Rxe7 Qf8 27. Rxe8 Qxe8 28. Qd4 Kg7 29. f3 Qd7 30. Qf4 Qe6 31. Qd4 Qd5 32.
Qf4 Qe6 33. Qg5 Qd5 34. Nf5+ Qxf5 35. Qxf5 gxf5 36. Kf2 Kg6 37. Ke3 Kg5 38.
Kd4 Kf4 39. b4 Nd5 40. a3 Kg3 41. c4 Ne7 42. Ke5 Kxg2 43. Kf6 Kxf3 44. Kxe7
Ke4 45. Kxf7 f4 46. Kg7 f3 47. Kf7 f2 48. b5 axb5 49. Ke7 bxc4 50. a4 Bxa4
51. Kd8 f1=Q 52. Kc8 Qf7 53. Kb8 b6 54. Kc8 Bc6 55. Kb8 { White resigns }
0-1

[Event "ICC tourney 2595 (40 10)"]
[Site "Internet Chess Club"]
[Date "2021.06.05"]
[Round "3"]
[White "SHAMALOV, NATHAN:Nathan-Shamalov"]
[Black "Maddipati, Srihas:srihassm"]
[Result "1-0"]
[ICCResult "Black checkmated"]
[WhiteElo "1191"]
[BlackElo "750"]
[Opening "Ponziani: Jaenisch counter-attack"]
[ECO "C44"]
[NIC "KP.05"]
[Time "15:34:02"]
[PlyCount "87"]
[TimeControl "2400+10"]

1. e4 e5 2. Nf3 Nc6 3. c3 Nf6 4. d4 exd4 5. e5 Qe7 6. cxd4 d6 7. Bb5 dxe5
8. dxe5 Qb4+ 9. Nc3 Ne4 10. Bxc6+ bxc6 11. Qd4 Qxd4 12. Nxd4 Bc5 13. Be3
Bb4 14. Rc1 O-O 15. O-O Bxc3 16. bxc3 c5 17. Nc6 Bd7 18. Ne7+ Kh8 19. f3
Nxc3 20. Rxc3 Rfe8 21. Bxc5 Bb5 22. Rb1 Ba6 23. Nd5 Rxe5 24. Nxc7 Bd3 25.
Rxd3 Rxc5 26. Nxa8 g5 27. Rbd1 Kg7 28. Rd5 Rc2 29. R1d2 Rc1+ 30. Kf2 f6 31.
Nc7 Rxc7 32. Rd7+ Rxd7 33. Rxd7+ Kg6 34. Rxa7 h6 35. Rb7 Kh5 36. a4 f5 37.
a5 f4 38. a6 Kh4 39. a7 h5 40. a8=Q g4 41. fxg4 Kxg4 42. Qg8+ Kh4 43. h3 f3
44. Rb4# { Black checkmated } 1-0